 Dungeon Crawl Stone Soup version 0.30-a0-859-gf88a04b62d (webtiles) character file.

Game seed: 17385062337159958048

144559 jasper the Severer (level 16, -4/133 HPs)
             Began as a Demonspawn Fighter on Mar 6, 2023.
             Was a High Priest of Okawaru.
             Slain by an alligator snapping turtle (22 damage)
             ... on level 4 of the Shoals on Mar 7, 2023.
             The game lasted 00:59:01 (35517 turns).

jasper the Severer (Demonspawn Fighter)            Turns: 35517, Time: 00:59:01

Health: -4/133     AC: 37    Str: 22    XL:     16   Next: 85%
Magic:  22/22      EV:  9    Int: 12    God:    Okawaru [*****.]
Gold:   901        SH: 12    Dex: 16    Spells: 15/15 levels left

rFire   + + .      SeeInvis .    l - +7 broad axe (spect)
rCold   + + +      Faith    .    c - +0 kite shield
rNeg    . . .      Spirit   .    s - +6 crystal plate armour {rC+}
rPois   .          Reflect  .    n - +1 helmet {Int+3}
rElec   .          Rampage  .    d - +1 cloak {rF+}
rCorr   .                        y - +0 pair of gloves
Will    +....                    (boots unavailable) Stlth
                                 Z - amulet of Caugg {RegenMP rF+ rC+}
HPRegen 0.42/turn                Y - +4 ring of slaying
MPRegen 0.58/turn                h - ring of protection from cold

@: agile, studying Translocations
A: hooves 3, yellow scales 2, powered by pain 2, spiny 2
a: Renounce Religion, Heroism, Finesse, Duel


You were on level 4 of the Shoals.
You worshipped Okawaru.
Okawaru was extremely pleased with you.
You visited 4 branches of the dungeon, and saw 26 of its levels.
You also visited: Ossuary, Gauntlet, Ice Cave and Volcano.

You collected 2679 gold pieces.
You spent 1778 gold pieces at shops.

Inventory:

Hand Weapons
 l - a +7 spectral broad axe (weapon)
 H - a +0 war axe of flaming
Missiles
 a - 2 datura-tipped darts
 b - 3 throwing nets
 q - 6 boomerangs (quivered)
 v - 10 silver javelins
 C - 38 poisoned darts
 P - 5 atropa-tipped darts
 Q - 13 javelins
 S - 11 curare-tipped darts
Armour
 c - a +0 kite shield (worn)
 d - a +1 cloak of fire resistance (worn)
 n - a +1 helmet of intelligence (worn)
 s - a +6 crystal plate armour of cold resistance (worn)
 y - a +0 pair of gloves (worn)
 N - a +2 cloak of cold resistance
 W - a +0 tower shield
Jewellery
 h - a ring of protection from cold (right hand)
 p - an amulet of regeneration
 M - the amulet of a Million Knives {Acrobat Fly rN+ Dex+4 Stlth+}
   (You found it in a Gauntlet)

   [amulet of the acrobat]

   It increases your evasion while moving and waiting.
   Dex:       It affects your dexterity (+4).
   rN:        It protects you from negative energy.
   Fly:       It grants you flight.
   Stlth:     It makes you more stealthy.
 Y - a +4 ring of slaying (left hand)
 Z - the amulet of Caugg (around neck) {RegenMP rF+ rC+}
   (You bought it in a shop on level 2 of the Orcish Mines)

   [amulet of magic regeneration]

   It increases your rate of magic regeneration.
   rF:        It protects you from fire.
   rC:        It protects you from cold.
Wands
 m - a wand of flame (55)
 B - a wand of roots (24)
 E - a wand of light (31)
 G - a wand of digging (16)
 L - a wand of polymorph (3)
 V - a wand of mindburst (13)
Scrolls
 e - 2 scrolls of fear
 u - 4 scrolls of magic mapping
 x - 8 scrolls of poison
 D - 17 scrolls of teleportation
 F - 2 scrolls of silence
 J - 2 scrolls of fog
 K - 4 scrolls of immolation
 R - 8 scrolls of identify
 T - a scroll of blinking
 X - 6 scrolls of vulnerability
Potions
 f - 4 potions of lignification
 i - 8 potions of curing
 j - a potion of resistance
 o - 8 potions of haste
 r - 5 potions of cancellation
 t - 3 potions of flight
 w - a potion of invisibility
 z - 2 potions of ambrosia
 A - 5 potions of mutation
 I - 6 potions of might
Miscellaneous
 g - a condenser vane (inert)
 k - a tin of tremorstones (inert)


   Skills:
 * Level 14.2 Fighting
 - Level 18.0 Axes
 - Level 4.4 Throwing
 + Level 12.9 Armour
 + Level 11.3 Shields
 - Level 9.1 Invocations
 + Level 2.7 Evocations


You had 15 spell levels left.
You didn't know any spells.
Your spell library contained the following spells:

 Spells                   Type           Power      Damage    Failure   Level
 Necrotise                Necr           0%         1d4       100%        1
 Sandblast                Erth           0%         2d4       100%        1
 Shock                    Conj/Air       0%         1d3       100%        1
 Sting                    Tmut/Pois      0%         1d3       100%        1
 Blink                    Tloc           0%         N/A       100%        2
 Lesser Beckoning         Tloc           0%         N/A       100%        2
 Momentum Strike          Conj/Tloc      0%         3d8       100%        2
 Passwall                 Tmut/Erth      0%         N/A       100%        2
 Poisonous Vapours        Pois/Air       0%         N/A       100%        2
 Scorch                   Fire           0%         2d5       100%        2
 Sublimation of Blood     Necr           0%         N/A       100%        2
 Wereblood                Tmut           0%         N/A       100%        2
 Ignite Poison            Fire/Tmut/Pois 0%         N/A       100%        3
 Kindle Blastsparks       Fire/Tloc/Air  0%         2d10      100%        3
 Portal Projectile        Hex/Tloc       0%         N/A       100%        3
 Stone Arrow              Conj/Erth      0%         3d7       100%        3
 Swiftness                Air            0%         N/A       100%        3
 Vampiric Draining        Necr           0%         2d6       100%        3
 Airstrike                Air            0%         2d(0-16)  100%        4
 Flame Wave               Conj/Fire      0%         2d4       100%        4
 Fulminant Prism          Conj/Hex       0%         3d5       100%        4
 Leda's Liquefaction      Hex/Erth       0%         N/A       100%        4
 Olgreb's Toxic Radiance  Pois           0%         N/A       100%        4
 Agony                    Necr           0%         N/A       100%        5
 Fireball                 Conj/Fire      0%         3d3       100%        5
 Freezing Cloud           Conj/Ice/Air   0%         6-21      100%        5
 Irradiate                Conj/Tmut      0%         3d11      100%        5
 Iskenderun's Battlesphe  Conj           0%         2d6       100%        5
 Yara's Violent Unravell  Hex/Tmut       0%         3d3       100%        5
 Conjure Ball Lightning   Conj/Air       0%         3x3d6     100%        6
 Orb of Destruction       Conj           0%         9d5       100%        7
 Storm Form               Tmut/Air       0%         N/A       100%        7
 Borgnjor's Revivificati  Necr           0%         N/A       100%        8
 Maxwell's Capacitive Co  Air            0%         ∞         100%        8
 Necromutation            Tmut/Necr      0%         N/A       100%        8
 Death's Door             Necr           0%         N/A       100%        9
 Call Canine Familiar     Summ           Unusable   N/A       N/A         3
 Summon Lightning Spire   Summ/Air       Unusable   N/A       N/A         4
 Summon Mana Viper        Hex/Summ       Unusable   N/A       N/A         5
 Summon Cactus Giant      Summ           Unusable   N/A       N/A         6
 Summon Hydra             Summ           Unusable   N/A       N/A         7
 Infestation              Necr           Unusable   N/A       N/A         8

Dungeon Overview and Level Annotations

Branches:
Dungeon (15/15)            Temple (0/1) D:5            Lair (5/5) D:8
 Shoals (4/4) Lair:2       Spider (0/4) Lair:2        Slime (0/5) Lair:4
    Orc (2/2) D:12            Elf (0/3) Orc:2        Vaults (0/5) D:13
 Depths (0/4) D:15        Ossuary (visited)           IceCv (visited)
Volcano (visited)         Gauntlet (visited)

Altars:
Dithmenos
Fedhas
Gozag
Hepliaklqana
Makhleb
Nemelex Xobeh
Okawaru
Qazlal
Ru
Trog
Uskayaw
Vehumet
Yredelemnul
Jiyva

Shops:
D:2 (   D:5 ?   Orc:1 *[   Orc:2 :(=*

Annotations:
D:15 Roxanne
Lair:1 3 runed translucent doors, Lonetas's ghost, journeyman HOFi
Lair:4 1 runed translucent door


Innate Abilities, Weirdness & Mutations

You have hooves in place of feet.
You are mostly covered in yellow scales. (AC +3)
You sometimes gain power by taking damage.
You are mostly covered in sharp spines.


Message History

The burst of rock shards engulfs you but does no damage.
The tin is emptied!
The manticore is engulfed in blazing flames.
The alligator snapping turtle is engulfed in a cloud of scalding steam.
The alligator snapping turtle bites you from afar.
The merfolk javelineer is engulfed in blazing flames.
The merfolk javelineer throws a silver javelin.
The silver javelin pierces through you. The silver sears you!
The silver javelin pierces through the manticore!!
The manticore dies!
You take 14 damage, and have 74/133 hp.
The merfolk javelineer is engulfed in blazing flames.
The merfolk javelineer throws a silver javelin.
The silver javelin pierces through you but does no damage.
The silver sears you!
You block the alligator snapping turtle's attack.
You take 1 damage, and have 73/133 hp.
The merfolk javelineer is engulfed in blazing flames.
The merfolk javelineer throws a silver javelin.
The silver javelin pierces through you but does no damage.
The silver sears you!
You block the alligator snapping turtle's attack.
The merfolk javelineer is engulfed in blazing flames.
The merfolk javelineer throws a silver javelin.
The silver javelin pierces through you. The silver sears you!
You take 8 damage, and have 65/133 hp.
You block the alligator snapping turtle's attack.
The merfolk javelineer is engulfed in blazing flames.
The merfolk javelineer throws a silver javelin.
The silver javelin pierces through you! The silver sears you!
You take 17 damage, and have 48/133 hp.
The alligator snapping turtle bites you from afar!!
* * * LOW HITPOINT WARNING * * *
The merfolk javelineer is engulfed in blazing flames.
You kill the merfolk javelineer!
Okawaru accepts your kill.
You hear a splash. x3
You take 31 damage, and have 17/133 hp.
MASSIVE DAMAGE!!
The alligator snapping turtle bites you from afar!!
You die...

.H~~~#### #..........#...~≈#~~≈#
#..~~~~.#####........~~#..#~~~~##
....~~~..#...........~~~#~~~~~##~
.....))).§§..........~~~.######~~
.......).§§..........~~~..~~~≈≈≈~
....)....§§†.........~~~.~~~≈≈≈≈≈
...).H..............~~~~~~~≈≈≈≈≈≈
........~..~~§§§...§~~~~~~≈≈≈≈≈≈≈
........~~~~~~t~@§§§~~~~~≈≈≈≈≈≈≈≈
..#######~~~~~§§~☼§§~~~≈≈≈≈≈≈≈≈≈≈
~# ##~~~§~~~§§§~≈≈≈≈≈≈≈≈≈≈≈≈ #
##~~~~~~~§§≈≈≈≈≈≈≈≈≈≈≈≈≈
#~~~~~§~~≈≈≈≈≈≈ ≈≈≈≈≈≈≈
#≈≈≈~~~~~≈≈≈≈≈≈ ≈≈≈≈≈≈
#≈≈≈≈~~~≈≈≈≈≈≈≈ ≈≈≈≈≈
#≈≈≈≈≈≈≈≈≈≈≈≈≈≈ ≈≈≈≈ ≈≈


You could see an alligator snapping turtle.

Vanquished Creatures
  Nikola (Shoals:4)
  An Ice Fiend (IceCv)
  Frances (Shoals:1)
  Ilsuiw (Shoals:3)
  An orc warlord (Orc:2)
  A quicksilver ooze (Gauntlet)
  A minotaur (Gauntlet)
  A dire elephant (D:15)
  A red draconian (Volcano)
  3 merfolk javelineers
  3 merfolk impalers
  A fire dragon (Lair:5)
  7 hydras
  Erolcha (D:9)
  3 merfolk avatars
  A merfolk aquamancer (Shoals:4)
  5 two-headed ogres
  2 boulder beetles
  6 centaur warriors
  14 death yaks
  2 satyrs
  3 orc high priests (Orc:2)
  A tengu warrior (D:14)
  Sonja (Orc:2)
  3 skysharks
  3 skeletal warriors (D:13)
  5 sea snakes
  An obsidian statue (IceCv)
  A bog body (IceCv)
  2 glowing orange brains (Gauntlet)
  4 spriggan simulacra (IceCv)
  4 deep elf pyromancers
  A lindwurm (Lair:5)
  5 orc knights
  10 harpies
  30 ugly things
  4 orc sorcerers (Orc:2)
  7 fauns
  5 cyclopes
  11 manticores
  21 elephants
  10 merfolk sirens
  A naga mage (D:15)
  10 water nymphs (Shoals:3)
  7 black mambas
  Maurice (Orc:2)
  9 cane toads
  3 gargoyles
  5 molten gargoyles
  An unseen horror (D:13)
  An efreet (D:13)
  A yaktaur (Volcano)
  2 kobold demonologists
  2 tengu conjurers
  10 komodo dragons
  2 anaconda simulacra (IceCv)
  7 freezing wraiths (IceCv)
  A golden dragon simulacrum (IceCv)
  6 ice devils (IceCv)
  4 trolls
  A queen bee (Gauntlet)
  A hornet (D:10)
  15 merfolk
  5 wind drakes
  3 snapping turtles
  15 dream sheep
  6 slime creatures (D:15)
  2 culicivoras (Lair:2)
  A dire elephant simulacrum (IceCv)
  42 yaks
  4 water elementals
  2 fire bats (Orc:1)
  2 shadows
  5 wyverns
  A vampire (D:13)
  5 wraiths
  11 humans (D:13)
  2 redbacks (Lair:2)
  8 basilisks
  4 steam dragons
  3 minotaur simulacra (IceCv)
  2 swamp worms (Gauntlet)
  4 wargs
  A harpy simulacrum (IceCv)
  An acid dragon (D:12)
  A hydra simulacrum (IceCv)
  5 hell hounds (Lair:5)
  21 water moccasins
  19 orc warriors
  An ice beast (D:5)
  3 ogres
  2 sky beasts
  5 wolves (Lair:4)
  19 centaurs
  4 kobold brigands
  18 bullfrogs
  A scorpion (D:6)
  A deep troll simulacrum (IceCv)
  7 wights
  22 killer bees
  2 lindwurm simulacra (IceCv)
  An electric eel (Lair:1)
  7 howler monkeys
  A crimson imp (D:10)
  6 lava snakes
  4 jellies
  2 gnoll boudas
  4 hounds
  11 orc priests
  Crazy Yiuf (D:2)
  An iguana (D:6)
  A sleepcap (D:4)
  22 orc wizards
  A mummy (D:7)
  Robin (D:1)
  8 gnolls
  5 adders
  A shadow imp (D:6)
  3 white imps
  An ufetubus (D:5)
  2 worms
  4 dart slugs
  89 orcs
  10 endoplasms
  4 giant cockroaches
  14 goblins
  9 hobgoblins
  15 kobolds
  5 quokkas
  8 ball pythons
  4 ball python skeletons (Ossuary)
  A bat (D:2)
  A frilled lizard (D:2)
  2 hobgoblin skeletons (Ossuary)
  2 kobold zombies (Ossuary)
  An orc zombie (Ossuary)
  5 rats
796 creatures vanquished.

Vanquished Creatures (others)
  A manticore (Shoals:4)
  A human (D:13)
  An orc wizard (Orc:1)
  A bush (Shoals:3)
  18 fungi
  67 plants
89 creatures vanquished.

Grand Total: 885 creatures vanquished

Notes
Turn   | Place    | Note
-------+----------+-------------------------------------------
     0 | D:1      | jasper the Demonspawn Fighter began the quest for the Orb.
     0 | D:1      | Reached XP level 1. HP: 18/18 MP: 1/1
    46 | D:1      | Reached skill level 2 in Axes
   114 | D:1      | Found a faded altar of an unknown god.
   125 | D:1      | Gained mutation: You sometimes gain a little power by
                  | taking damage. [demonic ancestry]
   125 | D:1      | Reached XP level 2. HP: 22/24 MP: 2/2
   635 | D:2      | Gained mutation: You are partially covered in yellow
                  | scales. (AC +2) [demonic ancestry]
   635 | D:2      | Reached XP level 3. HP: 29/29 MP: 3/3
   698 | D:2      | Noticed Robin
   786 | D:1      | Killed Robin
   970 | D:2      | Found a runed translucent door.
   971 | D:2      | Noticed Crazy Yiuf
  1023 | D:2      | Reached XP level 4. HP: 27/35 MP: 4/4
  1075 | D:2      | Found Maf Paupouts's Weapon Shoppe.
  1812 | D:2      | Killed Crazy Yiuf
  1813 | D:2      | Reached skill level 3 in Axes
  2755 | D:3      | Found a sacrificial altar of Ru.
  2767 | D:3      | Found an iron altar of Okawaru.
  2770 | D:3      | Found a bloodstained altar of Trog.
  2774 | D:3      | Found an opulent altar of Gozag.
  2778 | D:3      | Found a blossoming altar of Fedhas.
  2797 | D:3      | Became a worshipper of Warmaster Okawaru
  3101 | D:4      | Gained mutation: You sometimes gain power by taking damage.
                  | [demonic ancestry]
  3101 | D:4      | Reached XP level 5. HP: 42/42 MP: 5/5
  3922 | D:4      | Reached XP level 6. HP: 30/48 MP: 6/6
  3923 | D:4      | Reached skill level 4 in Axes
  4401 | D:5      | Entered Level 5 of the Dungeon
  4462 | D:5      | Found a staircase to the Ecumenical Temple.
  4500 | D:5      | Reached XP level 7. HP: 45/55 MP: 7/7
  4908 | D:5      | Reached * piety under Okawaru
  5049 | D:5      | Found Wocros's Magic Scroll Emporium.
  5056 | D:5      | Bought a scroll of teleportation for 36 gold pieces
  5056 | D:5      | Bought a scroll of silence for 114 gold pieces
  5274 | D:6      | Reached skill level 5 in Axes
  5432 | D:6      | Reached skill level 5 in Fighting
  5716 | D:6      | Reached ** piety under Okawaru
  5757 | D:6      | Reached XP level 8. HP: 58/62 MP: 8/8
  5801 | D:6      | Reached skill level 1 in Invocations
  5807 | D:6      | Noticed an angel
  5812 | D:6      | Found a basalt altar of Yredelemnul.
  5814 | D:6      | Noticed a profane servitor
  5846 | D:6      | Reached skill level 1 in Throwing
  6344 | D:7      | Reached skill level 6 in Axes
  6391 | D:7      | Reached skill level 5 in Armour
  6424 | D:7      | Reached *** piety under Okawaru
  6425 | D:7      | Reached XP level 9. HP: 57/69 MP: 9/11
  6531 | D:7      | Found a sand-covered staircase.
  6545 | Ossuary  | Entered an ossuary
  6818 | Ossuary  | Reached skill level 7 in Axes
  7522 | D:8      | Found a stormy altar of Qazlal.
  7531 | D:8      | Received a gift from Okawaru
  7692 | D:8      | Found a staircase to the Lair.
  8146 | D:8      | Reached skill level 8 in Axes
  8360 | D:8      | Reached **** piety under Okawaru
  8361 | D:8      | Gained mutation: You have large cloven feet. [demonic
                  | ancestry]
  8361 | D:8      | Reached XP level 10. HP: 60/79 MP: 12/12
  8630 | D:9      | Noticed Erolcha
  8639 | D:9      | Killed Erolcha
  8683 | D:9      | Found a hide-covered altar of Uskayaw.
  8763 | D:9      | Noticed a two-headed ogre
  8774 | D:9      | Killed a two-headed ogre
  8778 | D:9      | Noticed a gargoyle
  8785 | D:9      | Killed a gargoyle
  8788 | D:9      | Noticed a four-headed hydra
  8794 | D:9      | Killed a four-headed hydra
  8795 | D:9      | Reached skill level 9 in Axes
  8986 | D:9      | Reached ***** piety under Okawaru
  8986 | D:9      | Noticed a five-headed hydra
  9005 | D:9      | Killed a six-headed hydra
  9005 | D:9      | Received a gift from Okawaru
  9006 | D:9      | Gained mutation: You have hoof-like feet. [demonic
                  | ancestry]
  9006 | D:9      | Reached XP level 11. HP: 35/86 MP: 10/17
  9583 | D:9      | Found a shadowy altar of Dithmenos.
  9584 | D:9      | Found a hazy altar of Hepliaklqana.
  9725 | D:10     | Entered Level 10 of the Dungeon
  9781 | D:10     | Found a sparkling altar of Nemelex Xobeh.
 10145 | D:10     | Reached skill level 10 in Axes
 10498 | D:10     | Found a radiant altar of Vehumet.
 10499 | D:10     | Found a burning altar of Makhleb.
 11048 | D:11     | Noticed a two-headed ogre
 11054 | D:11     | Killed a two-headed ogre
 11470 | D:11     | Noticed a two-headed ogre
 11479 | D:11     | Killed a two-headed ogre
 11479 | D:11     | Received a gift from Okawaru
 11883 | Lair:1   | Entered Level 1 of the Lair of Beasts
 12043 | Lair:1   | Noticed a minotaur
 12043 | Lair:1   | Noticed Lonetas's ghost (journeyman HOFi)
 12199 | Lair:1   | Found a runed translucent gate.
 12199 | Lair:1   | Found a runed translucent gate.
 12200 | Lair:1   | Found a runed translucent gate.
 12238 | Lair:1   | Found a dark tunnel.
 12258 | Volcano  | Entered a volcano
 12570 | Volcano  | Found a bloodstained altar of Trog.
 12570 | Volcano  | Noticed a centaur warrior
 12590 | Volcano  | Killed a centaur warrior
 12591 | Volcano  | Reached skill level 11 in Axes
 12591 | Volcano  | Reached skill level 5 in Shields
 12707 | Volcano  | Received a gift from Okawaru
 12742 | Volcano  | Noticed a red draconian
 12759 | Volcano  | Killed a red draconian
 12852 | Volcano  | Gained mutation: You have hooves in place of feet. [demonic
                  | ancestry]
 12852 | Volcano  | Reached XP level 12. HP: 21/95 MP: 10/18
 13431 | Lair:1   | Got the Treatise on Bad Luck and the Crypt
 13962 | Lair:2   | Found a staircase to the Shoals.
 14427 | Lair:2   | Found a hole to the Spider Nest.
 14860 | Lair:3   | Received a gift from Okawaru
 14998 | Lair:3   | Noticed an eight-headed hydra
 15003 | Lair:3   | Noticed a four-headed hydra
 15008 | Lair:3   | Killed an eight-headed hydra
 15009 | Lair:3   | Reached skill level 12 in Axes
 15019 | Lair:3   | Killed a four-headed hydra
 15604 | Lair:3   | Reached skill level 10 in Fighting
 16506 | Lair:4   | Gained mutation: You are partially covered in sharp spines.
                  | [demonic ancestry]
 16506 | Lair:4   | Reached XP level 13. HP: 79/103 MP: 19/19
 16677 | Lair:4   | Reached skill level 13 in Axes
 17040 | Lair:4   | Received a gift from Okawaru
 17308 | Lair:4   | Found a runed translucent door.
 17309 | Lair:4   | Found a viscous altar of Jiyva.
 17309 | Lair:4   | Noticed an azure jelly
 17310 | Lair:4   | Found a staircase to the Slime Pits.
 18333 | D:12     | Received a gift from Okawaru
 18774 | D:12     | Found a staircase to the Orcish Mines.
 18793 | Orc:1    | Entered Level 1 of the Orcish Mines
 18870 | Orc:1    | Reached skill level 10 in Armour
 18933 | Orc:1    | Found Zeliw's Gadget Gallery.
 18943 | Orc:1    | Found Caohumpu's Armour Shoppe.
 19469 | Orc:2    | Entered Level 2 of the Orcish Mines
 19469 | Orc:2    | Found Uduefa Agoqi's Book Emporium.
 20241 | Orc:2    | Found a staircase to the Elven Halls.
 20250 | Orc:2    | Noticed Maurice
 20275 | Orc:2    | Killed Maurice
 20689 | Orc:2    | Noticed Sonja
 20691 | Orc:2    | Noticed an orc warlord
 20702 | Orc:2    | Killed an orc warlord
 20708 | Orc:2    | Killed Sonja
 21083 | Orc:2    | Found Dustar's Assorted Antiques.
 21190 | Orc:2    | Received a gift from Okawaru
 21424 | Orc:2    | Paralysed by an orc sorcerer for 3 turns
 21484 | Orc:2    | Paralysed by an orc sorcerer for 4 turns
 21486 | Orc:2    | Reached skill level 14 in Axes
 21487 | Orc:2    | Received a gift from Okawaru
 21821 | Orc:2    | Paralysed by an orc sorcerer for 4 turns
 21841 | Orc:2    | Found Ashraxt's Antique Armour Shoppe.
 21842 | Orc:2    | Found Otafen's Jewellery Boutique.
 21842 | Orc:2    | Found Narphoro's Antique Weapon Boutique.
 21876 | Orc:2    | Bought the amulet of Caugg {RegenMP rF+ rC+} for 867 gold
                  | pieces
 21883 | Orc:2    | Bought a scroll of teleportation for 84 gold pieces
 21883 | Orc:2    | Bought a knobbly golden ring for 140 gold pieces
 21883 | Orc:2    | Bought a potion of might for 112 gold pieces
 21886 | Orc:2    | Bought a ring of protection from cold for 425 gold pieces
 22369 | Lair:5   | Entered Level 5 of the Lair of Beasts
 22477 | Lair:4   | Gained mutation: You are mostly covered in yellow scales.
                  | (AC +3) [demonic ancestry]
 22477 | Lair:4   | Reached XP level 14. HP: 95/113 MP: 20/20
 23847 | Lair:5   | Received a gift from Okawaru
 24032 | Lair:5   | Identified the +3 robe of Patterns {rC+ Int+2 Stlth+}
 24256 | Lair:5   | Found a large runed translucent door.
 24274 | Lair:5   | Reached ****** piety under Okawaru
 24671 | Lair:5   | Found a large runed translucent door.
 24892 | Lair:5   | Reached skill level 15 in Axes
 24893 | Lair:5   | Identified the +0 chain mail of Imneorghi {rC+ Int+3 SInv}
                  | (Okawaru gifted it to you on level 5 of the Lair of Beasts)
 24893 | Lair:5   | Received a gift from Okawaru
 26029 | D:13     | Reached XP level 15. HP: 122/122 MP: 21/21
 26406 | D:13     | Found a gate to the Vaults.
 27742 | D:15     | Entered Level 15 of the Dungeon
 27802 | D:15     | Received a gift from Okawaru
 27803 | D:15     | Reached skill level 10 in Shields
 27840 | D:15     | Reached skill level 16 in Axes
 27876 | D:15     | Found a gate leading to a gauntlet.
 28017 | Gauntlet | Entered a Gauntlet
 28017 | Gauntlet | Found a transporter.
 28063 | Gauntlet | Found a transporter.
 28064 | Gauntlet | Found a transporter.
 28065 | Gauntlet | Found a transporter.
 28075 | Gauntlet | Found a transporter.
 28076 | Gauntlet | Found a transporter.
 28077 | Gauntlet | Found a transporter.
 28084 | Gauntlet | Found a transporter.
 28087 | Gauntlet | Found a transporter.
 28088 | Gauntlet | Found a transporter.
 28096 | Gauntlet | Found a transporter.
 28099 | Gauntlet | Found a transporter.
 28100 | Gauntlet | Found a transporter.
 28109 | Gauntlet | Found a transporter.
 28257 | Gauntlet | Identified the amulet of a Million Knives {Acrobat Fly rN+
                  | Dex+4 Stlth+}
 28464 | Gauntlet | Received a gift from Okawaru
 28478 | Gauntlet | Got the Collected Works on Force
 29124 | D:15     | Received a gift from Okawaru
 29573 | D:15     | Identified Roxanne's Secrets of the Rocks
 29573 | D:15     | Noticed Roxanne
 29826 | D:15     | Found a staircase to the Depths.
 30323 | Shoals:1 | Entered Level 1 of the Shoals
 30342 | Shoals:1 | Found a frozen archway.
 30630 | IceCv    | Entered an ice cave
 31171 | IceCv    | Gained mutation: You are mostly covered in sharp spines.
                  | [demonic ancestry]
 31171 | IceCv    | Reached XP level 16. HP: 121/131 MP: 22/22
 31225 | IceCv    | Noticed an Ice Fiend
 31236 | IceCv    | Killed an Ice Fiend
 31513 | Shoals:1 | Noticed Frances
 31524 | Shoals:1 | Killed Frances
 32019 | Shoals:1 | Reached skill level 17 in Axes
 32536 | Shoals:2 | You fall into a shaft and drop 1 floor!
 32861 | Shoals:3 | Identified the +5 plate armour of Responsibility {rElec
                  | rPois Will- Int+7} (Okawaru gifted it to you on level 3 of
                  | the Shoals)
 32861 | Shoals:3 | Received a gift from Okawaru
 33365 | Shoals:3 | Noticed Ilsuiw
 33378 | Shoals:3 | Reached skill level 18 in Axes
 33394 | Shoals:3 | Killed Ilsuiw
 33643 | Shoals:3 | Reached skill level 1 in Evocations
 34063 | Shoals:4 | Entered Level 4 of the Shoals
 35076 | Shoals:4 | Noticed Nikola
 35087 | Shoals:4 | Killed Nikola
 35214 | Shoals:4 | HP: 1/133 [alligator snapping turtle (24)]
 35517 | Shoals:4 | Slain by an alligator snapping turtle

Illustrated notes

Levels and vault maps discovered:
D:1:      onia_arrival_mini_spirals, layout_rooms,
          hellmonk_ecumenical_altar_pennies_from_heaven
D:2:      layout_basic, serial_shops, nicolae_shop_bloodbath_and_beyond,
          basic_altar, uniq_robin, uniq_crazy_yiuf_cottage
D:3:      layout_loops_corners, nicolae_overflow_hallway_of_the_gods,
          kennysheep_generic_room_14
D:4:      layout_cave_pools, st_stairs_3
D:5:      layout_loops_ring, minmay_temple_entry_junction_2, serial_shops, shop
D:6:      layout_basic, grunt_temple_overflow_holy_war
D:7:      hellmonk_ruined_rings, layout_cave_pools, gup_ossuary_entry_pyramid
D:8:      layout_basic, nicolae_qazlal_style_of_elements, lair_entry_dummy
D:9:      minmay_slanted_spiral_squares, layout_small_grid,
          riverfiend_overflow_shadow_ancestor, nicolae_uskayaw_suspiria,
          uniq_erolcha
D:10:     layout_loops_ring, grunt_temple_overflow_lords_of_destruction,
          nemelex_spade_bored_becter, grunt_decor_one_mirror
D:11:     layout_grid_maze
D:12:     layout_roguey, hiddenorc1_lemuel
D:13:     layout_cave_pools, ximxim_vaults_locker_room
D:14:     layout_irregular_city, minivault_14, grunt_decor_mini_mirrors
D:15:     hangedman_depths_entry_try_elsewhere_first, layout_basic,
          gauntlet_entry_generic, minmay_misc_feat_room, uniq_roxanne
Lair:1:   layout_gridlike, enter_volcano_2, maelrawn_ghost_gauntlet_escape,
          basic_altar, grunt_megastairs_2
Lair:2:   layout_gridlike, minmay_shoals_entry_centaurs,
          spider_nest_entry_funnel_web, serial_bayou_shore_a
Lair:3:   layout_regular_city, serial_rivers, chequers_serial_rivers_large_b,
          chequers_serial_rivers_micro_b, chequers_serial_rivers_small_3,
          chequers_serial_rivers_micro_a, chequers_serial_rivers_micro_b,
          chequers_serial_rivers_large_a
Lair:4:   layout_roguey, slime_entry_2
Lair:5:   cheibrodos_lair_end_hotspot, layout_cave_shapes
Shoals:1: layout_shoals, portal_ice_cave_entry_ugly_swarm, uniq_frances
Shoals:2: nicolae_shoals_deep_elves_summer_vacation, layout_shoals
Shoals:3: argonaut_golden_fleece, layout_shoals,
          nicolae_shoals_nymph_descending_staircase, uniq_ilsuiw
Shoals:4: shoals_end_hangedman, layout_shoals, uniq_nikola
Orc:1:    nicolae_orc_accident_3, layout_caves, serial_shops, shop,
          hellmonk_bongcloud_opening, nicolae_orc_lava_tube,
          nicolae_shop_gadgets
Orc:2:    st_orc_elflike, layout_diamond_mine, serial_shops,
          nicolae_shop_hallway_stairs, uniq_maurice, uniq_sonja

Skill      XL: |  1  2  3  4  5  6  7  8  9 10 11 12 13 14 15 16 |
---------------+-------------------------------------------------+-----
Axes           | 2 3 4 5 6 8 9 11 12 14 15 16 18 | 18.0
Shields        | 3 4 5 6 8 9 10 11 | 11.3
Armour         | 3 4 5 6 7 8 9 10 11 12 | 12.9
Fighting       | 4 5 7 9 10 11 12 13 14 | 14.2
Invocations    | 3 9 |  9.1
Throwing       | 4 |  4.4
Evocations     | 2 |  2.7

Action                     |  1- 3 |  4- 6 |  7- 9 | 10-12 | 13-15 | 16-18 || total
---------------------------+-------+-------+-------+-------+-------+-------++-------
  Melee: War axe           |   106 |   163 |   289 |   444 |   596 |       ||  1598
         Morningstar       |       |       |       |    26 |       |       ||    26
         Kick              |       |       |       |    70 |   378 |    81 ||   529
         Hand axe          |       |       |       |       |    19 |       ||    19
         Broad axe         |       |       |       |       |   267 |   206 ||   473
  Throw: Stone             |     7 |    10 |       |       |       |       ||    17
         Boomerang         |       |    15 |    40 |    75 |   285 |   100 ||   515
         Dart              |       |     2 |       |       |     4 |     2 ||     8
         Javelin           |       |       |       |       |     4 |       ||     4
 Invoke: Heroism           |       |       |     5 |    11 |     9 |     3 ||    28
         Finesse           |       |       |       |     8 |     9 |     3 ||    20
  Evoke: Wand              |       |       |       |     2 |     1 |    12 ||    15
         Condenser vane    |       |       |       |       |     2 |     3 ||     5
         Tin of tremorston |       |       |       |       |       |     3 ||     3
    Use: Scroll            |     1 |    10 |    16 |     4 |     8 |     8 ||    47
         Potion            |       |     2 |       |     3 |     2 |     3 ||    10
   Stab: Invisible         |       |       |       |     2 |       |       ||     2
         Distracted        |       |       |       |       |     5 |     4 ||     9
 Armour: Scale mail        |     5 |       |       |       |       |       ||     5
         Chain mail        |    73 |   120 |   189 |       |    64 |     3 ||   449
         Plate armour      |       |       |    12 |   376 |   349 |       ||   737
         Crystal plate arm |       |       |       |       |       |   145 ||   145
  Dodge: Dodged            |    33 |    60 |   100 |   201 |   153 |    34 ||   581
  Block: Buckler           |    30 |    40 |    87 |   184 |   165 |       ||   506
         Kite shield       |       |       |       |       |    93 |   118 ||   211

Table legend: (Time is in decaauts)
 A = Elapsed time spent in this place.
 B = Non-inter-level travel time spent in this place.
 C = Inter-level travel time spent in this place.
 D = Time resting spent in this place.
 E = Time spent auto-exploring this place.
 F = Levels seen in this place.
 G = Mean time per level.
                   A        B        C        D        E       F      G
               +--------+--------+--------+--------+--------+-----+--------+
         Total |  35721 |  33760 |   1961 |   6142 |  21457 |  30 | 1190.7 |
       Dungeon |  16817 |  15755 |   1062 |   1784 |  11217 |  15 | 1121.1 |
          Lair |   8288 |   7716 |    572 |    882 |   5673 |   5 | 1657.6 |
        Shoals |   4482 |   4339 |    143 |   1465 |   2100 |   4 | 1120.5 |
  Orcish Mines |   3324 |   3142 |    182 |   1204 |   1413 |   2 | 1662.0 |
       Ossuary |    629 |    629 |      0 |     98 |    267 |   1 |  629.0 |
      Ice Cave |    880 |    880 |      0 |    131 |    467 |   1 |  880.0 |
       Volcano |    712 |    712 |      0 |    415 |     71 |   1 |  712.0 |
      Gauntlet |    585 |    585 |      0 |    162 |    247 |   1 |  585.0 |
               +--------+--------+--------+--------+--------+-----+--------+

Top non-repeatable levels by time:
  Lair:5: 2501 daAuts
   Orc:2: 2198 daAuts
Shoals:3: 1876 daAuts
    D:15: 1728 daAuts
  Lair:3: 1710 daAuts
  Lair:4: 1602 daAuts
  Lair:2: 1492 daAuts
     D:2: 1424 daAuts
    D:11: 1337 daAuts
     D:3: 1269 daAuts
     D:8: 1247 daAuts
    D:14: 1197 daAuts
Shoals:4: 1186 daAuts
     D:4: 1185 daAuts
     D:9: 1169 daAuts
